 Dungeon Crawl Stone Soup version 0.31-a0-978-g1e143483b6 (webtiles) character file.

Game seed: 9686314285788760451

236 Xavori the Trooper (level 6, -7/51 HPs)
             Began as a Djinni Chaos Knight on Oct 31, 2023.
             Was a Plaything of Xom.
             Mangled by an orc wizard
             ... wielding a +3 dagger of electrocution
              (17 damage)
             ... on level 3 of the Dungeon.
             The game lasted 00:03:32 (9497 turns).

Xavori the Trooper (Djinni Chaos Knight)            Turns: 9497, Time: 00:03:33

Health: -7/51      AC:  6    Str: 10    XL:     6   Next: 27%
Gold:   177        EV: 13    Int: 17    God:    Xom [..*...] SH:  5 Dex: 20

rFire   + + .        a - +0 falchion (chaos)
rCold   x . .        (no shield)
rNeg    . . .        b - +2 leather armour
rPois   ∞            r - +0 helmet
rElec   .            l - scarf {+Inv}
rCorr   .            (no gloves)
SInv    .            (boots unavailable)
Will    .....        v - amulet of reflection
Stlth   ++           t - +6 ring of dexterity
HPRegen 0.28/turn    (no ring)
MPRegen 0.00/turn

%: random rage (3%), reflection, infuse magic (-8 HP)
@: flying
A: sickness immunity, fire resistance 2, cold vulnerability 1, float, innate
caster, HP casting, extra vitality 1, berserk 1, clever 1, robust 1, inability
to read after injury 1, MP-powered wands, sturdy frame 1
a: Renounce Religion, Evoke Invisibility


You were on level 3 of the Dungeon.
You worshipped Xom.
You were a toy of Xom.
You visited 1 branch of the dungeon, and saw 4 of its levels.

You collected 177 gold pieces.

Inventory:

Hand Weapons
 a - a +0 falchion of chaos (weapon)
Armour
 b - a +2 leather armour (worn)
 l - a scarf of invisibility (worn)
 r - a +0 helmet (worn)
Jewellery
 t - a +6 ring of dexterity (left hand)
 v - an amulet of reflection (around neck)
Wands
 o - a wand of flame (33)
Scrolls
 c - a scroll of butterflies
 e - a scroll of silence {unknown}
 j - 3 scrolls of teleportation {unknown}
 n - a scroll of identify {unknown}
 p - a scroll of poison {unknown}
 q - a scroll of brand weapon {unknown}
Potions
 d - 2 potions of magic {unknown}
 f - a potion of heal wounds {unknown}
 g - 3 potions of curing {unknown}
 h - 2 potions of attraction {unknown}
 i - a potion of cancellation {unknown}
 k - a potion of degeneration {unknown}
 m - 2 potions of invisibility {unknown}
 s - a potion of brilliance {unknown}
 u - 2 potions of haste {unknown}


   Skills:
 + Level 3.8 Fighting
 + Level 3.4 Long Blades
 + Level 2.4 Armour
 + Level 3.3 Dodging
 * Level 1.9 Spellcasting
 * Level 1.9 Conjurations
 * Level 1.9 Hexes
   Level 0.0 Charms
 * Level 1.9 Summonings
 * Level 1.9 Necromancy
 * Level 1.9 Translocations
 * Level 1.9 Transmutations
 * Level 1.9 Fire Magic
 * Level 1.9 Ice Magic
 * Level 1.9 Air Magic
 * Level 1.9 Earth Magic
 * Level 1.9 Poison Magic


You knew the following spells:

 Your Spells              Type           Power      Damage    Failure   Level
a - Foxfire               Conj/Fire      32%        2x1d5     10%         1
b - Poisonous Vapours     Pois/Air       16%        N/A       14%         2
Your spell library was empty.

Dungeon Overview and Level Annotations

Branches:
Dungeon (4/15)             Temple (0/1) D:4

Altars:

Shops:
D:1 (

Annotations:
D:4 3 runed translucent doors


Innate Abilities, Weirdness & Mutations

You are immune to sickness and miasma.
You are immune to poison.
Your flesh is very heat resistant. (rF++)
You are vulnerable to cold. (rC-)
You float through the air rather than walking.
You learn spells naturally, not from books.
Your magical power is your life essence.
You have superior vitality. (+4 MHP)
You sometimes lose your temper in combat.
Your mind is acute. (Int +4, Str/Dex -1)
You are robust. (+10% HP)
You occasionally lose the ability to read scrolls when taking damage.
You expend health (3 HP) to strengthen your wands.
Your movements are slightly less encumbered by armour. (ER -2)


Message History

An orc comes into view. It is wielding a +0 hand axe.
There is a stone staircase leading up here.
The orc shouts!
You hear a shout!
The orc wizard hits you but does no damage.
You fly upwards.
There is a stone staircase leading down here.
You hit the orc wizard.
The orc wizard is duplicated!
The orc wizard is lightly wounded.
You block the orc wizard's attack. The orc wizard casts a spell at you.
The puff of flame hits you. You resist.
You slash the orc wizard!
The orc wizard is poisoned.
The orc wizard is severely wounded.
You block the orc wizard's attack.
The orc wizard hits you but does no damage.
You are electrocuted!
You hit the orc wizard.
You kill the orc wizard!
The orc wizard points at you and mumbles some strange words.
The magic dart hits you.
You hit the orc wizard but do no damage.
You drain the orc wizard.
The orc wizard is moderately wounded.
The orc wizard closely misses you.
You closely miss the orc wizard.
The orc wizard is moderately wounded.
The orc wizard misses you.
You closely miss the orc wizard.
The orc wizard is moderately wounded.
The orc wizard hits you with a +3 dagger of electrocution. x2
You are electrocuted!!
* * * LOW HITPOINT WARNING * * *
You hit the orc wizard.
The orc wizard's magic leaks into the air.
The orc wizard is heavily wounded.
The orc wizard's magic is no longer disrupted.
The orc wizard hits you with a +3 dagger of electrocution.
* * * LOW HITPOINT WARNING * * *
You are electrocuted!
You die...

#....<....###############
#.........##............#
#.........##.##########.#
#.........##.....# #.#
#.........##.....# #.#
#.........##.....######.#
#........................
#......)o..#.....######.#
###.....@................
#.########.............
########.## #.................
#.........# #.###.............
###.####..###.##..............
#.#..#............##........
#.#..#......^.....##.......#
#.#..#............#.........
#....#............#....#####


You could see an orc wizard (very drained).

Vanquished Creatures
  Natasha (thrice) (D:3)
  An orc wizard (D:3)
  Robin (D:3)
  6 adders
  A worm (D:2)
  A dart slug (D:2)
  An orc (D:3)
  2 endoplasms (D:1)
  3 giant cockroaches
  13 goblins
  12 hobgoblins
  3 kobolds
  3 quokkas (D:1)
  7 ball pythons
  7 bats
  3 frilled lizards
  4 rats
71 creatures vanquished.

Notes
Turn   | Place    | Note
-------+----------+-------------------------------------------
     0 | D:1      | Xavori the Djinni Chaos Knight began the quest for the Orb.
     0 | D:1      | Reached XP level 1. HP: 20/20 MP: 0/0
    79 | D:1      | Found Kiegemo's Antique Weapon Emporium.
    92 | D:1      | Reached XP level 2. HP: 25/25 MP: 0/0
   114 | D:1      | XOM: silly message
   116 | D:1      | XOM: silly message
   137 | D:1      | XOM: smoke on damage
   497 | D:1      | XOM: enchant monster (bad)
   512 | D:1      | Reached XP level 3. HP: 29/30 MP: 0/0
   512 | D:1      | Learned a level 1 spell: Foxfire
   776 | D:2      | XOM: stealth player
   822 | D:2      | Reached skill level 1 in Spellcasting
   822 | D:2      | Reached skill level 1 in Conjurations
   822 | D:2      | Reached skill level 1 in Hexes
   822 | D:2      | Reached skill level 1 in Summonings
   822 | D:2      | Reached skill level 1 in Necromancy
   822 | D:2      | Reached skill level 1 in Translocations
   822 | D:2      | Reached skill level 1 in Transmutations
   822 | D:2      | Reached skill level 1 in Fire Magic
   822 | D:2      | Reached skill level 1 in Ice Magic
   822 | D:2      | Reached skill level 1 in Air Magic
   822 | D:2      | Reached skill level 1 in Earth Magic
   822 | D:2      | Reached skill level 1 in Poison Magic
   840 | D:2      | Reached XP level 4. HP: 23/35 MP: 0/0
   915 | D:2      | XOM: draining
  1257 | D:1      | XOM is BORED!
  1320 | D:1      | XOM: give mutations
  1320 | D:1      | Gained mutation: You sometimes lose your temper in combat.
                  | [Xom's mischief]
  1320 | D:1      | Gained mutation: You are robust. (+10% HP) [Xom's mischief]
  1320 | D:1      | Gained mutation: You occasionally lose the ability to read
                  | scrolls when taking damage. [Xom's mischief]
  1435 | D:1      | XOM: divination: magic mapping
  2112 | D:1      | XOM: silly message
  2226 | D:1      | XOM: silly message
  2769 | D:1      | XOM: give mutation
  2769 | D:1      | Gained mutation: Your mind is acute. (Int +4, Str/Dex -1)
                  | [Xom's grace]
  2849 | D:1      | XOM: god gift: bone wand {god gift}
  3967 | D:1      | XOM: silly message
  4342 | D:1      | XOM: summons 4 hostile shadow creatures
  4863 | D:1      | XOM is BORED!
  4863 | D:1      | XOM: summons 1 hostile demon
  4886 | D:2      | XOM: give mutations
  4886 | D:2      | Gained mutation: You expend health (3 HP) to strengthen
                  | your wands. [Xom's grace]
  4886 | D:2      | Gained mutation: Your movements are slightly less
                  | encumbered by armour. (ER -2) [Xom's grace]
  5210 | D:2      | Found a faded altar of an unknown god.
  5762 | D:1      | XOM: summons 3 hostile demons
  6752 | D:1      | XOM: summons 1 hostile demon
  6753 | D:1      | Noticed a soul eater
  6759 | D:2      | XOM: silly message
  7081 | D:1      | XOM: summons 3 hostile demons
  7092 | D:2      | XOM: divination: detect creatures
  8201 | D:1      | XOM: cloud trail
  8535 | D:1      | XOM is BORED!
  8535 | D:1      | XOM: noise
  8564 | D:3      | Identified the +5 mace of Mourning {vamp, Str+3 Stlth+}
  8660 | D:3      | Noticed Natasha
  8665 | D:3      | Noticed Robin
  8665 | D:3      | XOM: swap monsters
  8674 | D:3      | Killed Natasha
  8675 | D:3      | Reached XP level 5. HP: 42/44 MP: 0/0
  8675 | D:3      | Learned a level 2 spell: Poisonous Vapours
  8750 | D:3      | XOM: confuse monster(s)
  8769 | D:3      | Killed Robin
  8816 | D:3      | XOM: divination: detect items
  9083 | D:3      | Noticed Natasha
  9084 | D:3      | XOM: divination: detect creatures
  9090 | D:3      | Killed Natasha
  9269 | D:3      | Noticed Natasha
  9279 | D:3      | XOM: silly message
  9280 | D:3      | Killed Natasha
  9281 | D:3      | Reached XP level 6. HP: 42/51 MP: 0/0
  9365 | D:3      | XOM: silly message
  9457 | D:4      | Found a runed translucent gate.
  9457 | D:4      | Found a runed translucent gate.
  9464 | D:4      | Found a runed translucent gate.
  9466 | D:4      | Found a staircase to the Ecumenical Temple.
  9497 | D:3      | Mangled by an orc wizard

Illustrated notes

Levels and vault maps discovered:
D:1:      minmay_arrival_split_and_join, layout_loops_ring, serial_shops,
          nicolae_shop_temple_entry_statues_fountains, supply_closet_lemuel
D:2:      layout_rooms, dreamdust_ecumenical_altar_grove
D:3:      layout_basic, uniq_natasha, uniq_robin
D:4:      layout_rooms, mainiacjoe_overflow_catwalk_spiral,
          minmay_temple_entry_stoned_glass, portal_sewer_entry_e,
          gammafunk_ghost_nasty_kobolds, eino_tiny_chamber

Skill      XL: |  1  2  3  4 |
---------------+-------------+-----
Long Blades    | 3 |  3.4
Spellcasting   | 1 |  1.9
Conjurations   | 1 |  1.9
Hexes          | 1 |  1.9
Summonings     | 1 |  1.9
Necromancy     | 1 |  1.9
Translocations | 1 |  1.9
Transmutations | 1 |  1.9
Fire Magic     | 1 |  1.9
Ice Magic      | 1 |  1.9
Air Magic      | 1 |  1.9
Earth Magic    | 1 |  1.9
Poison Magic   | 1 |  1.9
Armour         | 2 |  2.4
Dodging        | 3 |  3.3
Fighting       | |  3.8

Action                     |  1- 3 |  4- 6 || total
---------------------------+-------+-------++-------
  Melee: Falchion          |    86 |   111 ||   197
         Punch             |       |     2 ||     2
   Stab: Sleeping          |     3 |     4 ||     7
         Confused          |       |     1 ||     1
         Petrified         |       |     1 ||     1
         Paralysed         |       |     2 ||     2
 Armour: Leather armour    |    52 |    85 ||   137
  Dodge: Dodged            |    66 |    88 ||   154
  Block: Other             |       |     4 ||     4

Table legend: (Time is in decaauts)
 A = Elapsed time spent in this place.
 B = Non-inter-level travel time spent in this place.
 C = Inter-level travel time spent in this place.
 D = Time resting spent in this place.
 E = Time spent auto-exploring this place.
 F = Levels seen in this place.
 G = Mean time per level.
                   A        B        C        D        E       F      G
               +--------+--------+--------+--------+--------+-----+--------+
         Total |   9561 |   9428 |    133 |   7247 |   1645 |   4 | 2390.2 |
       Dungeon |   9561 |   9428 |    133 |   7247 |   1645 |   4 | 2390.2 |
               +--------+--------+--------+--------+--------+-----+--------+

Top non-repeatable levels by time:
     D:1: 6860 daAuts
     D:2: 1791 daAuts
     D:3: 875 daAuts
     D:4: 34 daAuts
